 Dungeon Crawl Stone Soup version 0.22-a0-897-g1b7a381375 (webtiles) character file.

221 Faustar the Cudgeler (level 6, -3/47 HPs)
             Began as a Formicid Abyssal Knight on July 31, 2018.
             Was a Priest of Lugonu.
             Slain by an ogre
             ... wielding a +0 giant club
              (15 damage)
             ... on level 4 of the Dungeon.
             The game lasted 00:06:21 (4099 turns).

Faustar the Cudgeler (Formicid Abyssal Knight)      Turns: 4099, Time: 00:06:22

Health: -3/47      AC:  9    Str: 25    XL:     6   Next: 18%
Magic:  7/7        EV:  8    Int: 11    God:    Lugonu [***...]
Gold:   170        SH:  0    Dex: 10    Spells: 5/5 levels left

rFire    . . .     SeeInvis +   s - +4 flail
rCold    . . .     Gourm    .   (no shield)
rNeg     . . .     Faith    .   f - +0 chain mail (curse)
rPois    .         Spirit   .   (helmet unavailable)
rElec    .         Reflect  .   (no cloak)
rCorr    .         Harm     .   (no gloves)
MR       .....                  (no boots)
Stlth    ..........             (no amulet)
HPRegen  0.15/turn              r - +3 ring of slaying
MPRegen  0.10/turn              t - +6 ring of strength

@: no status effects
A: permanent stasis, dig shafts and tunnels, four strong arms, antennae 3
a: Dig, Shaft Self, Depart the Abyss, Bend Space, Banish, Renounce Religion


You were on level 4 of the Dungeon.
You worshipped Lugonu.
Lugonu was most pleased with you.
You were not hungry.

You visited 1 branch of the dungeon, and saw 4 of its levels.
You visited the Abyss 1 time.

You collected 206 gold pieces.
You spent 36 gold pieces at shops.

Inventory:

Hand Weapons
 a - a +1 mace
 o - a +0 flail of protection
 q - a +0 morningstar
 s - a +4 flail (weapon)
Armour
 b - a +0 leather armour
 f - a cursed +0 chain mail (worn)
Jewellery
 g - an uncursed amulet of the gourmand {unknown}
 h - an uncursed ring of ice
 p - an uncursed ring of stealth
 r - a +3 ring of slaying (left hand)
 t - a +6 ring of strength (right hand)
Wands
 u - a wand of polymorph (5)
Scrolls
 i - a scroll of identify
 k - 2 scrolls of enchant armour {unknown}
 l - a scroll of amnesia {unknown}
 m - 2 scrolls of remove curse {unknown}
 n - 3 scrolls of teleportation {unknown}
Potions
 d - 3 potions of agility
 e - a potion of heal wounds
 j - 2 potions of curing
 v - a potion of flight {unknown}
 w - 2 potions of invisibility {unknown}
Comestibles
 c - 6 rations


   Skills:
 + Level 3.4 Fighting
 + Level 4.7 Maces & Flails
 - Level 4.4 Armour
 - Level 0.8 Dodging
 - Level 2.1 Invocations


You had 5 spell levels left.
You didn't know any spells.
Your spell library was empty.

Dungeon Overview and Level Annotations

Branches:
Dungeon (4/15)
 Temple: D:4-7

Altars:
Gozag
Vehumet

Shops:
D:4 (!}[(


Innate Abilities, Weirdness & Mutations

You cannot be hasted, slowed, berserked, paralysed or teleported.
You can dig through walls and to a lower floor.
Your four strong arms can wield two-handed weapons with a shield.
You have a pair of large antennae on your head. (SInv)


Message History

An ogre comes into view. It is wielding a giant club.
The ogre shouts!
An ogre is nearby!
An ogre is nearby!
Okay, then.
There is an open door here.
You start waiting.
The ogre is too close now for your liking.
You hit the ogre.
The ogre is moderately wounded.
The ogre hits you with a giant club!!
Ouch! That really hurt!
You barely miss the ogre.
The ogre is moderately wounded.
The ogre hits you with a giant club!
* * * LOW HITPOINT WARNING * * *
You closely miss the ogre.
The ogre is moderately wounded.
The ogre hits you with a giant club!
You die...

.∩....#....
#................. ...)..#
... #.....O...........
......# ..
#................. ......#
+................. ......#
#........##......# #.....#
#........# ####### ##'####
#..###...# ......#.....
##).###...##..
......#......#..@#..........
......#......#...O..........
......#......+...#.....##...
#.....#......###'####+## ...
#.....#................. ..
#...∩.#.................
#######.................
........................
....)...................


You could see an ogre.

Vanquished Creatures
  An orc priest (D:3)
  An orc wizard (D:3)
  A hound skeleton (D:3)
  3 gnolls
  4 adders
  3 worms (D:2)
  A dart slug (D:2)
  A leopard gecko (D:4)
  12 orcs
  A ball python (D:1)
  5 giant cockroaches
  4 goblins
  5 hobgoblins
  6 jackals
  4 kobolds
  2 quokkas
  A ball python skeleton (D:4)
  8 bats
  4 frilled lizards
  A leopard gecko skeleton (D:4)
  8 rats
76 creatures vanquished.

Notes
Turn   | Place    | Note
-------+----------+-------------------------------------------
     0 | Abyss:1  | Faustar the Formicid Abyssal Knight began the quest for the Orb.
     0 | Abyss:1  | Reached XP level 1. HP: 18/18 MP: 2/2
    11 | Abyss:1  | Found an opulent altar of Gozag.
    40 | D:1      | Escaped the Abyss
   275 | D:1      | Reached XP level 2. HP: 24/24 MP: 3/3
   863 | D:2      | Found a radiant altar of Vehumet.
   920 | D:2      | Reached XP level 3. HP: 26/29 MP: 4/4
  1039 | D:2      | Reached ** piety under Lugonu
  1470 | D:2      | Reached XP level 4. HP: 33/35 MP: 5/5
  1579 | D:2      | Found an opulent altar of Gozag.
  2063 | D:3      | Reached XP level 5. HP: 41/41 MP: 6/6
  2694 | D:2      | Reached *** piety under Lugonu
  3108 | D:3      | Reached XP level 6. HP: 23/47 MP: 7/7
  3857 | D:4      | Found Cidd's Antique Weapon Shop.
  3950 | D:4      | Found Sauwnumeh's Distillery.
  3958 | D:4      | Bought a potion of curing for 36 gold pieces
  3966 | D:4      | Found Dubruzic's Gadget Boutique.
  4000 | D:4      | Found Nemodoiwk's Armour Shoppe.
  4077 | D:4      | Found Boint's Weapon Shoppe.
  4081 | D:4      | Noticed an ogre
  4099 | D:4      | Slain by an ogre

Vault maps used:
D:1:      kilobyte_arrival_exit_the_forest, hangedman_decor_riveting
D:2:      nicolae_overflow_crystal_walls, vehumet_crystals
D:3:      minivault_19
D:4:      serial_shops, shop, shop, shop, shop, shop
Abyss:1:  gammafunk_corrupted_shrine, evilmike_abyss_exit_mutagenic

Skill      XL: |  1  2  3  4  5 |
---------------+----------------+-----
Maces & Flails | 3 4 |  4.7
Armour         | 3 4 |  4.4
Fighting       | |  3.4
Dodging        | |  0.8
Invocations    | |  2.1

Action                   |  1- 3 |  4- 6 || total
-------------------------+-------+-------++-------
Melee: Mace              |   110 |    64 ||   174
       Flail             |       |   119 ||   119
  Use: Scroll            |       |     3 ||     3
  Eat: Chunk             |     2 |     6 ||     8
       Ration            |       |     1 ||     1
Armor: Leather armour    |    17 |       ||    17
       Chain mail        |    57 |   122 ||   179
Dodge: Dodged            |    67 |    81 ||   148

Table legend:
 A = Spawn XP
 B = Non-spawn XP
 C = Spawn XP percentage of total XP
 D = Spawn monster count
 E = Non-spawn monster count
 F = Spawn count percentage of total count
 G = Total turns spent on level
                    A         B        C        D         E        F      G
               +---------+---------+-------+---------+---------+-------+---------
         Total |       0 |     316 |   0.0 |       0 |      76 |   0.0 |  4099
               +---------+---------+-------+---------+---------+-------+---------
           D:1 |       0 |      18 |   0.0 |       0 |      12 |   0.0 |   814
           D:2 |       0 |     106 |   0.0 |       0 |      33 |   0.0 |  1315
           D:3 |       0 |     170 |   0.0 |       0 |      25 |   0.0 |  1682
           D:4 |       0 |      22 |   0.0 |       0 |       6 |   0.0 |   248
               +---------+---------+-------+---------+---------+-------+---------
